AoeStats
← Maty

Arena

510053809Analyzed
4v4 RM · 3d ago on Sep 29, 2026· 57m 24s· 8 players
Game mode
Random Map
Map size
Large (8 player)
Population
200
Speed
Normal
Resources
Standard
Victory
Conquest
Starting age
Dark Age
Ending age
Imperial Age
RankedLock teamsTeams togetherTeam positionsShared explorationLock speedFull tech treeHidden civsTurbo modeCheats
Victory
Defeat
🇻🇳 Lithuanians · Vietnam
1541
+13
🇻🇳 Cumans · Vietnam
1498
+15
🇺🇸 Hindustanis · United States
1474
+16
🇪🇨 Magyars · Ecuador
1447
+17
🇨🇳 Turks · China
1511
-17
🇳🇿 Portuguese · New Zealand
1502
-16
🇳🇿 Inca · New Zealand
1448
-14
🇦🇺 Malians · Australia
1443
-14
NADOLEAN
10:23 Feudal Age
12:00 Loom
14:50 Castle Age
12:51 Man-at-Arms
13:41 Double-Bit Axe
14:00 Horse Collar
15:54 Long Swordsman
18:27 Scale Mail Armor
20:09 Forging
23:56 Arson
26:45 Chain Mail Armor
28:10 Iron Casting
28:45 Heavy Plow
31:23 Squires
32:54 Wheelbarrow
36:47 Imperial Age
34:52 Scale Barding Armor
35:54 Bloodlines
35:44 Husbandry
36:37 Bow Saw
36:52 Chain Barding Armor
36:55 Heavy Camel Rider
38:13 Plate Barding Armor
38:29 Farimba
38:51 Conscription
39:48 Light Cavalry
41:34 Crop Rotation
42:47 Fletching
44:34 Bodkin Arrow
45:02 Tigui
47:20 Padded Archer Armor
52:00 Chemistry
51:20 Ballistics
55:29 Cavalier
PHAT Johnson
10:13 Feudal Age
13:46 Castle Age
11:57 Double-Bit Axe
12:38 Horse Collar
12:52 Gold Mining
16:05 Bow Saw
18:10 Heavy Plow
18:51 Fervor
20:12 Wheelbarrow
20:32 Loom
21:44 Fletching
22:26 Crossbowman
23:10 Town Watch
26:09 Hand Cart
29:57 Imperial Age
28:08 Stone Mining
29:30 Stone Shaft Mining
29:25 Pikeman
30:43 Arquebus
32:08 Forging
33:20 Conscription
33:00 Elite Organ Gun
35:11 Chemistry
35:20 Two-Man Saw
34:34 Guilds
35:56 Ballistics
36:25 Murder Holes
37:56 Masonry
37:42 Bodkin Arrow
38:35 Bracer
38:42 Siege Engineers
40:44 Architecture
40:35 Bombard Tower
39:47 Elite Skirmisher
41:06 Padded Archer Armor
41:14 Thumb Ring
43:26 Scale Barding Armor
43:57 Iron Casting
43:26 Husbandry
43:37 Bloodlines
44:19 Leather Archer Armor
43:26 Cavalier
43:29 Light Cavalry
45:45 Crop Rotation
45:30 Fortified Wall
45:12 Guard Tower
46:28 Chain Barding Armor
46:40 Cavalier
48:23 Gambesons
50:25 Blast Furnace
50:02 Plate Barding Armor
54:14 Coinage
56:49 Banking
Wekawekawooo
10:33 Feudal Age
9:10 Loom
14:35 Castle Age
12:59 Double-Bit Axe
15:45 Bow Saw
15:17 Horse Collar
18:47 Redemption
22:53 Town Watch
23:44 Wheelbarrow
26:37 Heavy Plow
27:23 Forging
28:25 Hand Cart
30:17 Town Patrol
31:22 Iron Casting
34:54 Imperial Age
32:37 Scale Mail Armor
32:41 Squires
32:31 Pikeman
33:29 Chain Mail Armor
33:12 Gold Mining
34:11 Fletching
35:11 Halberdier
37:55 Arson
37:35 Capped Ram
39:21 Blast Furnace
38:51 Plate Mail Armor
38:10 Champi Runner
38:49 Bodkin Arrow
41:28 Conscription
41:13 Fabric Shields
40:34 Elite Kamayuk
41:50 Hoardings
41:09 Onager
41:50 Champi Warrior
42:42 Andean Sling
43:15 Crop Rotation
43:21 Gold Shaft Mining
43:20 Elite Champi Warrior
49:07 Chemistry
48:28 Ballistics
48:19 Masonry
48:35 Bracer
48:36 Padded Archer Armor
48:50 Crossbowman
49:55 Thumb Ring
49:21 Arbalester
51:10 Leather Archer Armor
52:10 Ring Archer Armor
52:17 Elite Skirmisher
55:41 Fortified Wall
55:37 Siege Engineers
RoseBoar
13:06 Feudal Age
13:48 Double-Bit Axe
14:11 Horse Collar
16:42 Castle Age
14:57 Gold Mining
16:03 Loom
18:04 Bow Saw
18:55 Town Watch
22:47 Imperial Age
26:08 Wheelbarrow
28:21 Stone Mining
33:07 Padded Archer Armor
34:10 Conscription
36:11 Hand Cart
37:17 Leather Archer Armor
38:50 Heavy Plow
39:34 Gold Shaft Mining
42:18 Caravan
42:39 Guilds
43:23 Fletching
46:10 Forging
46:05 Scale Barding Armor
46:22 Husbandry
46:32 Treadmill Crane
47:28 Bloodlines
47:44 Chain Barding Armor
47:59 Iron Casting
50:23 Blast Furnace
49:59 Plate Barding Armor
51:01 Bodkin Arrow
51:36 Ring Archer Armor
51:56 Thumb Ring
52:16 Parthian Tactics
51:53 Bracer
51:30 Heavy Cavalry Archer
53:26 Ballistics
56:40 Heavy Camel Rider
[GG] Trollermeister
11:43 Feudal Age
15:20 Castle Age
13:52 Double-Bit Axe
13:48 Horse Collar
17:16 Bow Saw
19:40 Wheelbarrow
19:08 Heavy Plow
20:17 Scale Mail Armor
22:04 Forging
22:29 Squires
23:02 Loom
23:02 Town Watch
23:58 Chain Mail Armor
24:03 Arson
26:01 Hand Cart
26:27 Iron Casting
27:50 Fortified Wall
27:53 Fletching
29:00 Masonry
28:57 Stone Mining
28:58 Gold Mining
31:31 Bodkin Arrow
39:03 Imperial Age
39:34 Gold Shaft Mining
39:34 Stone Shaft Mining
39:25 Ballistics
39:29 Elite Ghulam
41:40 Chemistry
41:29 Conscription
42:56 Blast Furnace
42:14 Siege Engineers
43:56 Bracer
45:25 Hoardings
45:44 Padded Archer Armor
47:30 Two-Man Saw
47:16 Leather Archer Armor
47:09 Grand Trunk Road
47:14 Shatagni
48:35 Ring Archer Armor
48:07 Murder Holes
50:27 Coinage
49:58 Caravan
timembh
10:41 Feudal Age
13:12 Double-Bit Axe
13:39 Horse Collar
16:00 Castle Age
17:15 Bow Saw
20:43 Wheelbarrow
21:35 Loom
23:26 Heavy Plow
25:45 Scale Barding Armor
25:58 Bloodlines
28:32 Hand Cart
29:09 Forging
33:26 Imperial Age
31:13 Fletching
32:09 Bodkin Arrow
32:42 Husbandry
32:42 Husbandry
34:17 Iron Casting
33:37 Cavalier
34:43 Conscription
35:12 Chain Barding Armor
37:01 Chemistry
38:20 Ballistics
38:32 Padded Archer Armor
38:14 Light Cavalry
39:47 Leather Archer Armor
41:57 Ring Archer Armor
43:29 Masonry
46:29 Bracer
48:36 Winged Hussar
51:27 Coinage
56:50 Plate Barding Armor
shogun
9:40 Feudal Age
10:19 Double-Bit Axe
10:17 Horse Collar
11:39 Wheelbarrow
20:45 Castle Age
19:31 Forging
19:43 Loom
20:12 Scale Barding Armor
21:02 Fletching
30:15 Castle Age
31:21 Hand Cart
31:21 Bow Saw
35:19 Bloodlines
36:43 Town Watch
37:32 Gold Mining
37:33 Stone Mining
37:42 Stone Mining
39:44 Gold Shaft Mining
40:32 Bodkin Arrow
47:54 Imperial Age
47:22 Scale Mail Armor
46:44 Pikeman
47:24 Squires
47:16 Light Cavalry
49:00 Iron Casting
48:35 Steppe Husbandry
48:09 Halberdier
49:06 Chain Mail Armor
49:48 Conscription
51:11 Blast Furnace
51:18 Two-Man Saw
52:07 Hussar
54:14 Plate Mail Armor
54:04 Chain Barding Armor
56:55 Plate Barding Armor
Maty
10:57 Feudal Age
14:30 Castle Age
12:59 Double-Bit Axe
13:15 Horse Collar
16:24 Bow Saw
19:38 Wheelbarrow
21:55 Hand Cart
27:18 Imperial Age
24:54 Loom
25:04 Gold Mining
25:05 Stone Mining
25:18 Heavy Plow
25:12 Fletching
26:11 Bodkin Arrow
26:59 Ballistics
26:56 Padded Archer Armor
27:39 Gold Shaft Mining
27:39 Bloodlines
27:29 Husbandry
28:02 Bracer
29:07 Chemistry
28:35 Conscription
29:11 Parthian Tactics
30:41 Leather Archer Armor
30:33 Thumb Ring
30:19 Heavy Cavalry Archer
32:20 Ring Archer Armor
33:17 Recurve Bow
36:38 Hoardings
38:32 Light Cavalry
39:18 Scale Barding Armor
39:56 Hussar
40:58 Chain Barding Armor
42:32 Two-Man Saw
41:18 Town Watch
42:23 Plate Barding Armor
43:18 Crop Rotation
42:30 Treadmill Crane
43:01 Masonry
43:36 Corvinian Army
44:12 Hoardings
44:45 Elite Magyar Huszar
50:42 Murder Holes
50:58 Siege Engineers
56:27 Caravan
56:59 Coinage
Connection lost

Rejoining the realm…

Still unreachable

The connection could not be restored.

Session expired

The server has moved on; the page needs a fresh start.